 Dungeon Sprint DCSS version 0.18-a0-1788-g92de1ac (webtiles) character file.

10500000 Kidiri the Axe Maniac (level 27, -4/323 HPs)
             Began as a Troll Warper on Apr 20, 2016.
             Was the Champion of Makhleb.
             Killed from afar by an observer (68 damage)
             ... with a fireball
             ... in the Dungeon (Sprint VIII: "Arena of Blood").
             The game lasted 00:04:50 (105 turns).

Kidiri the Axe Maniac (Troll Warper)                 Turns: 105, Time: 00:04:51

Health: -4/323     AC:  7    Str: 27    XL:     27
Magic:  25/53      EV: 31    Int:  9    God:    Makhleb [******]
Gold:   0          SH:  0    Dex: 18    Spells: 1 memorised, 79 levels left

rFire  . . .     SeeInvis .     l - +∞ Axe of Woe
rCold  . . .     Gourm    +     b - +0 robe
rNeg   . . .     Faith    .     (shield currently unavailable)
rPois  .         Spirit   .     (helmet restricted)
rElec  .         Dismiss  .     (no cloak)
rCorr  .         Reflect  .     (gloves unavailable)
SustAt .         Harm     .     (boots unavailable)
MR     ++...     NoTele   +     (no amulet)
Stlth  ++++++....               (no ring)
                                (no ring)

@: very slightly contaminated, non-regenerating, diseased, very resistant to
hostile enchantments, very stealthy
A: unfitting armour, claws 3, fast metabolism 3, gourmand, regeneration 2,
shaggy fur 1, tough skin 2
a: Minor Destruction, Lesser Servant of Makhleb, Major Destruction, Greater
Servant of Makhleb, Renounce Religion


You were in the Dungeon.
You worshipped Makhleb.
Makhleb was exalted by your worship.
You were not hungry.

You visited 1 branch

Inventory:

Hand Weapons
 a - a +0 hand axe
 l - the +∞ Axe of Woe (weapon)
   (You found it in the Dungeon)
Missiles
 e - 5 tomahawks of dispersal (quivered)
Armour
 b - a +0 robe (worn)
Jewellery
 m - an uncursed ring of protection from fire
Scrolls
 d - a scroll of blinking
Potions
 g - a potion of curing
 i - a potion of haste
 j - 2 potions of magic
 k - a potion of berserk rage
Books
 c - a book of Spatial Translocations

   Spells                             Type                      Level
   a - Apportation                    Translocation                1
   b - Blink                          Translocation                2
   c - Shroud of Golubria             Charms/Translocation         2
   d - Portal Projectile              Translocation                3
   e - Teleport Other                 Translocation                3
   f - Passage of Golubria            Translocation                4
Comestibles
 f - 2 bread rations


   Skills:
 O Level 27 Fighting
 O Level 27 Axes
 O Level 27 Throwing
 O Level 27 Armour
 O Level 27 Dodging
 O Level 27 Stealth
 O Level 27 Unarmed Combat
 O Level 27 Spellcasting
 O Level 27 Translocations
 O Level 27 Invocations


You had 79 spell levels left.
You knew the following spells:

 Your Spells              Type           Power        Failure   Level  Hunger
a - Apportation           Tloc           ######....   0%          1    None


Dungeon Overview and Level Annotations

Branches:
Dungeon (1/1)

Altars:
Makhleb

Annotations:
D The Captor, The Defiler


Innate Abilities, Weirdness & Mutations

You are too large for most types of armour.
You have claws for hands.
Your metabolism is lightning-fast.
You like to eat raw meat.
You heal very quickly.
You are covered in fur (AC +1).
You have very tough skin (AC +2).


Message History

The air twists around and strikes you!
* * * LOW HITPOINT WARNING * * *
The dread appears out of thin air!
A dread comes into view.
You feel something staring at you. Something smites you!
* * * LOW HITPOINT WARNING * * *
You feel something staring at you. Something smites you!
* * * LOW HITPOINT WARNING * * *
You hear a shout!
The bag of meat moves out of view.
An ogre and Sigmund come into view.
Drink which item? (? for menu, Esc to quit)
You feel much better.
The bag of meat shouts!
The Captor shouts!
You hear a shout! x3
You feel something staring at you.
A fireball appears from out of thin air!
The fireball explodes!
The fireball engulfs you!
You die...

#### ###.... ####.......
####..........
####............@
####........@####.
#.....{{....#....o..
#..........).#...o2.
#..........{.#WzL.O.
#...)W..###...#....o
#..)..### .....#............
#....#........@..............
#.M)....%#..................
#)§.§.%...#........#.......#


You could see a meat beast (wandering), a tyrant, a sculptor of flesh, 2 dreads,
The Captor, a meat berserker (berserk) and 3 bags of meat.

Vanquished Creatures
  7 hell beasts (D)
  3 greater mummies (D)
  A wraith (D)
  11 vampire knights (D)
  26 ogres (D)
  2 liches (D)
  78 orcs (D)
  A phantom (D)
  6 hill giants (D)
  5 skeletal warriors (D)
  7 large abominations (D)
  5 small abominations (D)
  A crawling corpse (D)
153 creatures vanquished.

Vanquished Creatures (others)
  An orc (D)
  A small abomination (D)
  8 crawling corpses (D)
10 creatures vanquished.

Grand Total: 163 creatures vanquished

Notes
Turn   | Place    | Note
--------------------------------------------------------------
     0 | D        | Kidiri the Troll Warper began the quest for the Orb.
     0 | D        | Reached XP level 1. HP: 19/19 MP: 1/1
     4 | D        | Became a worshipper of Makhleb the Destroyer
     5 | D        | Noticed a bag of meat
     6 | D        | Noticed a bag of meat
     9 | D        | Noticed a bag of meat
    10 | D        | Noticed a bag of meat
    10 | D        | Killed a bag of meat
    10 | D        | Reached XP level 2. HP: 48/48 MP: 1/6
    10 | D        | Reached XP level 3. HP: 55/55 MP: 1/7
    10 | D        | Reached XP level 4. HP: 65/65 MP: 1/9
    10 | D        | Reached XP level 5. HP: 72/72 MP: 1/10
    10 | D        | Reached XP level 6. HP: 80/80 MP: 1/11
    10 | D        | Reached XP level 7. HP: 88/88 MP: 1/12
    10 | D        | Reached XP level 8. HP: 97/97 MP: 1/13
    10 | D        | Reached XP level 9. HP: 105/105 MP: 1/14
    10 | D        | Reached XP level 10. HP: 114/114 MP: 1/15
    10 | D        | Reached XP level 11. HP: 120/120 MP: 1/16
    11 | D        | Noticed a bag of meat
    11 | D        | Noticed a bag of meat
    12 | D        | Noticed a bag of meat
    12 | D        | Noticed a meat berserker
    12 | D        | Noticed a meat berserker
    12 | D        | Noticed a meat berserker
    12 | D        | Noticed a bag of meat
    13 | D        | Noticed a meat berserker
    13 | D        | Noticed a bag of meat
    13 | D        | Noticed a meat berserker
    13 | D        | Noticed a meat berserker
    13 | D        | Noticed a bag of meat
    14 | D        | Noticed a bag of meat
    14 | D        | Noticed a bag of meat
    15 | D        | Noticed a bag of meat
    15 | D        | Noticed a meat berserker
    15 | D        | Noticed a bag of meat
    15 | D        | Noticed a bag of meat
    15 | D        | Noticed a meat berserker
    15 | D        | Noticed a meat berserker
    15 | D        | Killed a meat berserker
    15 | D        | Reached * piety under Makhleb
    15 | D        | Reached XP level 12. HP: 139/139 MP: 1/19
    15 | D        | Reached XP level 13. HP: 146/146 MP: 1/20
    15 | D        | Killed a bag of meat
    15 | D        | Reached skill level 15 in Fighting
    15 | D        | Reached skill level 15 in Axes
    15 | D        | Reached skill level 15 in Armour
    15 | D        | Reached skill level 15 in Dodging
    15 | D        | Reached XP level 14. HP: 159/159 MP: 1/22
    16 | D        | Noticed a bag of meat
    16 | D        | Noticed a meat berserker
    16 | D        | Noticed a meat berserker
    16 | D        | Noticed a meat berserker
    16 | D        | Noticed a meat berserker
    16 | D        | Killed a bag of meat
    16 | D        | Reached ** piety under Makhleb
    16 | D        | Killed a meat berserker
    16 | D        | Reached XP level 15. HP: 174/174 MP: 2/24
    16 | D        | Noticed a destroyer
    17 | D        | Killed a meat berserker
    17 | D        | Reached *** piety under Makhleb
    17 | D        | Reached skill level 15 in Throwing
    17 | D        | Reached XP level 16. HP: 145/188 MP: 2/26
    17 | D        | Killed a meat berserker
    17 | D        | Reached skill level 15 in Invocations
    17 | D        | Killed a meat berserker
    17 | D        | Reached **** piety under Makhleb
    17 | D        | Reached XP level 17. HP: 204/204 MP: 2/28
    17 | D        | Killed a meat berserker
    18 | D        | Noticed a large bag of meat
    18 | D        | Reached XP level 18. HP: 193/218 MP: 2/30
    18 | D        | Reached ***** piety under Makhleb
    18 | D        | Killed a meat berserker
    18 | D        | Reached XP level 19. HP: 234/234 MP: 2/31
    18 | D        | Killed a meat berserker
    19 | D        | Noticed a destroyer
    19 | D        | Noticed a large bag of meat
    19 | D        | Killed a meat berserker
    19 | D        | Killed a destroyer
    19 | D        | Reached XP level 20. HP: 253/253 MP: 2/33
    19 | D        | Reached ****** piety under Makhleb
    19 | D        | Noticed a destroyer
    20 | D        | Noticed a meat berserker
    20 | D        | Noticed a meat berserker
    20 | D        | Killed a meat berserker
    20 | D        | Reached skill level 27 in Fighting
    20 | D        | Reached skill level 27 in Axes
    20 | D        | Reached skill level 27 in Armour
    20 | D        | Reached skill level 27 in Dodging
    20 | D        | Killed a meat berserker
    20 | D        | Reached XP level 21. HP: 265/265 MP: 3/36
    20 | D        | Reached skill level 27 in Throwing
    20 | D        | Reached skill level 27 in Invocations
    20 | D        | Reached skill level 5 in Unarmed Combat
    20 | D        | Reached skill level 5 in Spellcasting
    20 | D        | Reached skill level 5 in Translocations
    21 | D        | Reached skill level 10 in Translocations
    23 | D        | Reached skill level 10 in Stealth
    23 | D        | Reached XP level 22. HP: 275/275 MP: 3/38
    23 | D        | Reached skill level 15 in Unarmed Combat
    23 | D        | Reached skill level 15 in Spellcasting
    25 | D        | Reached skill level 15 in Translocations
    25 | D        | Reached skill level 15 in Stealth
    25 | D        | Reached XP level 23. HP: 284/284 MP: 4/45
    28 | D        | Reached XP level 24. HP: 295/295 MP: 4/49
    28 | D        | Killed a destroyer
    29 | D        | Reached skill level 27 in Unarmed Combat
    29 | D        | Reached skill level 27 in Spellcasting
    29 | D        | Reached XP level 25. HP: 304/304 MP: 4/53
    30 | D        | Noticed a destroyer
    30 | D        | Reached skill level 27 in Translocations
    31 | D        | Reached skill level 27 in Stealth
    31 | D        | Reached XP level 26. HP: 314/314 MP: 5/53
    34 | D        | Killed a destroyer
    34 | D        | Reached XP level 27. HP: 323/323 MP: 6/53
    34 | D        | Killed a destroyer
    35 | D        | Noticed a destroyer
    37 | D        | Killed a destroyer
    40 | D        | Noticed a destroyer
    42 | D        | Noticed a destroyer
    42 | D        | Noticed a destroyer
    44 | D        | Noticed a destroyer
    45 | D        | Killed a destroyer
    47 | D        | Noticed a destroyer
    47 | D        | Noticed a destroyer
    47 | D        | Killed a destroyer
    51 | D        | Killed a destroyer
    54 | D        | Killed a destroyer
    56 | D        | Noticed an accursed
    58 | D        | Noticed a tyrant
    60 | D        | Killed an accursed
    61 | D        | Noticed an accursed
    61 | D        | Killed a destroyer
    63 | D        | Noticed a dread
    66 | D        | Noticed an accursed
    68 | D        | Noticed a meat beast
    69 | D        | Killed an accursed
    69 | D        | Killed an accursed
    70 | D        | Noticed a meat beast
    70 | D        | Killed a meat beast
    71 | D        | Killed a meat beast
    71 | D        | Killed a tyrant
    74 | D        | Killed a destroyer
    75 | D        | Noticed a meat beast
    77 | D        | Killed a meat beast
    82 | D        | Noticed a meat beast
    83 | D        | Killed a dread
    83 | D        | Killed a meat beast
    86 | D        | Noticed a meat beast
    88 | D        | Noticed a meat beast
    90 | D        | Killed a meat beast
    91 | D        | Noticed a tyrant
    91 | D        | Killed a meat beast
    93 | D        | Noticed a meat beast
    94 | D        | Killed a tyrant
    95 | D        | Killed a meat beast
    98 | D        | Noticed an accursed
   100 | D        | Noticed a dread
   101 | D        | Noticed The Defiler
   101 | D        | Noticed a tyrant
   104 | D        | Noticed a meat beast
   105 | D        | Noticed The Captor
   105 | D        | Noticed a dread
   105 | D        | Killed from afar by an observer

Vault maps used:
D:        meatsprint

Skill      XL: |  1  2  3  4  5  6  7  8  9 10 11 12 13 14 15 16 17 18 19 20 21 22 23 24 25 |
---------------+----------------------------------------------------------------------------+-----
Fighting       | 11 14 15 17 18 20 22 23 26 27 | 27.0
Axes           | 11 14 15 17 18 20 22 23 26 27 | 27.0
Throwing       | 8 11 12 13 15 16 18 19 21 25 27 | 27.0
Armour         | 11 14 15 17 18 20 22 23 26 27 | 27.0
Dodging        | 11 14 15 17 18 20 22 23 26 27 | 27.0
Invocations    | 8 11 12 13 14 16 18 19 21 25 27 | 27.0
Stealth        | 10 15 19 22 27 | 27.0
Unarmed Combat | 14 21 25 27 | 27.0
Spellcasting   | 13 19 23 27 | 27.0
Translocations | 11 17 20 24 27 | 27.0

Action                   |  1- 3 |  4- 6 |  7- 9 | 10-12 | 13-15 | 16-18 | 19-21 | 22-24 | 25-27 || total
-------------------------+-------+-------+-------+-------+-------+-------+-------+-------+-------++-------
Melee: Executioner's axe |     1 |       |       |     1 |     2 |     1 |     4 |     5 |    48 ||    62
  Use: Scroll            |       |       |       |       |       |       |       |       |     1 ||     1
       Potion            |       |       |       |       |       |       |       |       |     1 ||     1
Armor: Robe              |       |       |       |       |       |       |       |       |     2 ||     2
Dodge: Dodged            |       |       |       |       |     1 |     2 |       |       |     7 ||    10
